 Dungeon Crawl Stone Soup version 0.30-a0-137-gd8773701ce (webtiles) character file.

Game seed: 15781920410731348602

0 Darkkill the Grave Robber (level 1, -4/16 HPs)
             Began as a Troll Necromancer on Sept 23, 2022.
             Frozen to death by an endoplasm (5 damage)
             ... on level 2 of the Dungeon.
             The game lasted 00:01:53 (78 turns).

Darkkill the Grave Robber (Troll Necromancer)         Turns: 78, Time: 00:01:55

Health: -4/16      AC:  4    Str: 15    XL:     1   Next: 0%
Magic:  1/1        EV:  9    Int: 11    God:
Gold:   4          SH:  0    Dex: 10    Spells: 1/2 levels left

rFire   . . .      SeeInvis .    (no weapon)
rCold   . . .      Faith    .    (no shield)
rNeg    . . .      Spirit   .    a - +0 robe
rPois   .          Reflect  .    (helmet restricted)
rElec   .          Harm     .    (no cloak)
rCorr   .          Rampage  .    (gloves unavailable)
Will    .....                    (boots unavailable)
Stlth   +.........               (no amulet)
HPRegen 0.85/turn                (no ring)
MPRegen 0.07/turn                (no ring)

@: no status effects
A: large, unfitting armour, claws 3, regeneration 1, shaggy fur 1, tough skin 1
a: no special abilities


You were on level 2 of the Dungeon.
You visited 1 branch of the dungeon, and saw 2 of its levels.

You collected 4 gold pieces.

Inventory:

Armour
 a - a +0 robe (worn)
Potions
 b - a potion of magic


   Skills:
 + Level 1.5 Dodging
 + Level 1.0 Stealth
 + Level 1.2 Spellcasting
 + Level 3.2 Necromancy


You had one spell level left.
You knew the following spells:

 Your Spells              Type           Power      Damage    Failure   Level
a - Necrotise             Necr           28%        1d5       9%          1

Your spell library contained the following spells:

 Spells                   Type           Power      Damage    Failure   Level
 Vampiric Draining        Necr           7%         2d6       26%         3
 Animate Dead             Necr           7%         N/A       63%         4
 Agony                    Necr           7%         N/A       93%         5


Dungeon Overview and Level Annotations

Branches:
Dungeon (1/15)

Altars:


Innate Abilities, Weirdness & Mutations

You are too large for most types of armour.
You have claws for hands.
Your natural rate of healing is unusually fast.
You are covered in fur. (AC +1)
You have tough skin. (AC +1)


Message History

The endoplasm attacks as you move away! The endoplasm hits you.
There is a shaft here.
You fall into a shaft and drop 1 floor!
The shaft crumbles and collapses.
A rat comes into view. 2 gnolls come into view.
Found a faded altar of an unknown god.
The rat barely misses you. The rat attacks as you move away!
The rat barely misses you.
A gnoll comes into view. It is wielding a +0 flail.
An endoplasm comes into view.
The gnoll shouts!
The endoplasm quivers.
The rat barely misses you.
Found a scroll labelled FEALENGAB.
A frilled lizard comes into view.
The gnoll hits you from afar with a +0 spear!
You barely miss the gnoll. The gnoll hits you but does no damage.
The rat closely misses you. The gnoll closely misses you.
You scratch the gnoll.
The gnoll is lightly wounded.
A bat comes into view.
The endoplasm freezes you.
You are frozen.
The gnoll hits you but does no damage. The rat closely misses you.
The gnoll hits you from afar with a +0 spear.
You closely miss the rat. Your claw misses the rat. The endoplasm freezes you.
You are frozen.
* * * LOW HITPOINT WARNING * * *
The gnoll closely misses you. The gnoll hits you but does no damage.
The rat bites you but does no damage. The gnoll barely misses you.
You claw the rat!
You kill the rat!
The gnoll closely misses you. The gnoll hits you with a +0 club.
* * * LOW HITPOINT WARNING * * *
The gnoll barely misses you. The endoplasm freezes you.
You are frozen.
You die...

##### ### ..... #.#
####..###.# #.......#.#
######## ####.........#
#......# .....gg..#...#
#....#.#
#lbg@†....###....#
#..J#.........#......
?......###..####.####.##
.#⌠...⌠.....# #......#
............# ########
...._..##.### ##..... #.
#⌠...⌠ .. ...


You could see 3 gnolls, an endoplasm, a bat and a frilled lizard.

Vanquished Creatures
  A rat (D:2)
1 creature vanquished.

Notes
Turn   | Place    | Note
-------+----------+-------------------------------------------
     0 | D:1      | Darkkill the Troll Necromancer began the quest for the Orb.
     0 | D:1      | Reached XP level 1. HP: 16/16 MP: 1/1
    57 | D:1      | You fall into a shaft and drop 1 floor!
    69 | D:2      | Found a faded altar of an unknown god.
    78 | D:2      | Frozen to death by an endoplasm

Illustrated notes

Levels and vault maps discovered:
D:1:      lightli_arrival_lavapool, layout_basic
D:2:      kb_forest_paths, layout_loops_cross,
          hellmonk_ecumenical_altar_run_dry, basic_altar

Action                   || total
-------------------------++-------
Melee: Unarmed           ||     4
  Use: Scroll            ||     1
Armor: Robe              ||     5
Dodge: Dodged            ||    10

Table legend: (Time is in decaauts)
 A = Elapsed time spent in this place.
 B = Non-inter-level travel time spent in this place.
 C = Inter-level travel time spent in this place.
 D = Time resting spent in this place.
 E = Time spent auto-exploring this place.
 F = Levels seen in this place.
 G = Mean time per level.
                   A        B        C        D        E       F      G
               +--------+--------+--------+--------+--------+-----+--------+
         Total |     77 |     77 |      0 |      0 |      0 |   2 |   38.5 |
       Dungeon |     77 |     77 |      0 |      0 |      0 |   2 |   38.5 |
               +--------+--------+--------+--------+--------+-----+--------+

Top non-repeatable levels by time:
     D:1: 57 daAuts
     D:2: 20 daAuts
